 Dungeon Crawl Stone Soup version 0.31-a0-977-gc230f8ef24 (webtiles) character file.

Game seed: 4526332522700071315

1017 Aequonox the Digger (level 8, 0/58 HPs)
             Began as a Gnoll Earth Elementalist on Oct 29, 2023.
             Slain by Menkaure (7 damage)
             ... on level 4 of the Dungeon.
             The game lasted 00:40:46 (5506 turns).

Aequonox the Digger (Gnoll Earth Elementalist)      Turns: 5506, Time: 00:40:47

Health: 0/58       AC:  7    Str: 10    XL:     8   Next: 22%
Magic:  16/16      EV: 13    Int: 14    God:
Gold:   281        SH:  0    Dex: 13    Spells: 17/18 levels left

rFire   . . .        K - +4 quarterstaff (chaos) {staff}
rCold   + . .        (shield currently unavailable)
rNeg    + . .        l - +2 leather armour {rC+}
rPois   +            p - +0 helmet
rElec   .            (no cloak)
rCorr   .            w - +0 pair of gloves
SInv    .            (no boots)
Will    +....        (no amulet)
Stlth   +++          c - ring of positive energy
HPRegen 0.29/turn    e - ring of poison resistance
MPRegen 0.15/turn

%: no passive effects
@: marked, enlightened, flying
A: fangs 1, strong nose, distributed training
a: no special abilities


You were on level 4 of the Dungeon.
You visited 1 branch of the dungeon, and saw 5 of its levels.

You collected 281 gold pieces.


Innate Abilities, Weirdness & Mutations

You have very sharp teeth.
Your uncanny sense of smell can sniff out nearby items.
Your experience applies equally to all skills.


   Skills:
 + Level 3.1 Fighting
 + Level 3.1 Short Blades
 + Level 3.1 Long Blades
 + Level 3.1 Axes
 + Level 3.1 Maces & Flails
 + Level 3.1 Polearms
 + Level 3.1 Staves
 + Level 3.1 Ranged Weapons
 + Level 3.1 Throwing
 + Level 3.1 Armour
 + Level 5.6 Dodging
 + Level 5.2 Stealth
 + Level 3.1 Shields
 + Level 3.1 Unarmed Combat
 + Level 5.9 Spellcasting
 + Level 2.5 Conjurations
 + Level 2.5 Hexes
 + Level 2.5 Summonings
 + Level 2.5 Necromancy
 + Level 2.5 Translocations
 + Level 3.3 Transmutations
 + Level 2.5 Fire Magic
 + Level 2.5 Ice Magic
 + Level 2.5 Air Magic
 + Level 6.0 Earth Magic
 + Level 2.5 Poison Magic
 + Level 3.4 Invocations
 + Level 3.1 Evocations
 + Level 2.8 Shapeshifting


You had 17 spell levels left.
You knew the following spells:

 Your Spells              Type           Power      Damage    Failure   Level
a - Sandblast             Erth           42%        2d11      1%          1

Your spell library contained the following spells:

 Spells                   Type           Power      Damage    Failure   Level
 Passwall                 Tmut/Erth      14%        N/A       4%          2
 Apportation              Tloc           22%        N/A       8%          1
 Necrotise                Necr           44%        1d6       8%          1
 Summon Small Mammal      Summ           44%        N/A       8%          1
 Wereblood                Tmut           13%        N/A       8%          2
 Stone Arrow              Conj/Erth      32%        3d9       11%         3
 Inner Flame              Hex/Fire       11%        N/A       22%         3
 Petrify                  Tmut/Erth      17%        N/A       30%         4
 Brom's Barrelling Bould  Conj/Erth      16%        2d4       34%         4
 Irradiate                Conj/Tmut      6%         3d13      86%         5
 Yara's Violent Unravell  Hex/Tmut       6%         3d5       86%         5
 Enfeeble                 Hex            5%         N/A       100%        7

Inventory:

Hand Weapons
 o - a +0 mace of holy wrath {mace}
   (You found it on level 3 of the Dungeon)
 q - a +2 dagger of draining {short}
   (You took it off a goblin on level 3 of the Dungeon)
 H - a +4 halberd {polearm}
   (You took it off Blork the orc on level 4 of the Dungeon)
 K - a +4 quarterstaff of chaos (weapon) {staff}
   (You took it off Crazy Yiuf on level 4 of the Dungeon)
Missiles
 f - 6 datura-tipped darts {throwing}
 x - 4 poisoned darts {throwing}
Armour
 l - a +2 leather armour of cold resistance (worn)
   (You found it on level 2 of the Dungeon)
 p - a +0 helmet (worn)
   (You found it on level 3 of the Dungeon)
 r - the +0 robe of Hedge Wizardry {SInv}
   (You found it on level 3 of the Dungeon)

   SInv:      It lets you see invisible.
 w - a +0 pair of gloves (worn)
   (You found it on level 2 of the Dungeon)
 L - a +1 cloak
   (You took it off Crazy Yiuf on level 4 of the Dungeon)
Magical Staves
 M - a staff of poison {!astaff}
   (You found it on level 5 of the Dungeon)
Jewellery
 c - a ring of positive energy (left hand)
   (You found it on level 1 of the Dungeon)
 e - a ring of poison resistance (right hand)
   (You found it on level 1 of the Dungeon)
 s - a ring of poison resistance
   (You found it on level 1 of the Dungeon)
 u - a ring of see invisible
   (You found it on level 4 of the Dungeon)
 v - a ring of poison resistance
   (You found it on level 4 of the Dungeon)
 C - a ring of fire
   (You found it on level 2 of the Dungeon)
 E - a ring of resist corrosion
   (You took it off Duvessa on level 5 of the Dungeon)
Talismans
 D - a blade talisman
   (You found it on level 2 of the Dungeon)
Wands
 m - a wand of mindburst (2)
   (You found it on level 3 of the Dungeon)
 G - a wand of flame (13)
   (You took it off Blork the orc on level 4 of the Dungeon)
Scrolls
 d - 2 scrolls of vulnerability {unknown}
 i - a scroll of revelation {unknown}
 j - 2 scrolls of enchant armour {unknown}
 n - a scroll of identify {unknown}
 y - a scroll of fear {unknown}
 A - a scroll of blinking {unknown}
 F - a scroll of enchant weapon {unknown}
 I - a scroll of teleportation {unknown}
Potions
 a - a potion of cancellation {unknown}
 b - a potion of magic
 g - 2 potions of heal wounds {unknown}
 h - 2 potions of berserk rage {unknown}
 k - 2 potions of curing {unknown}
 t - a potion of brilliance {unknown}
 z - 2 potions of enlightenment
 B - a potion of attraction {unknown}
 J - a potion of invisibility {unknown}

Dungeon Overview and Level Annotations

Branches:
Dungeon (5/15) Zot: 24384
 Temple: D:4-7

Altars:
Elyvilon
Ru
Sif Muna

Annotations:
D:4 Menkaure

.#
#.###...#######.####...
.# #...............##
#... .#
#####...####.....###.[.
.# ##.####.......##...
.##### #.#
#............)
.....###########.#
#...........#.
..............##.#
#...........#.
###.#########.##S#
##..<....#.... #.#
##.##@# ##...........
#.# #...M.#
##........<. #.#
#..#### ##.........
##.# #..# #.........
#..# #..# #.#.......
##.## #..# #.#.......
.#.# #..# #.#.......
.#.# #..#
########.####.##.
...#########..#
#.........# #.##.


You could see Menkaure (fast) and an adder.


Message History

Okay, then.
Aiming: Throw Flame
Press: ? - help, Shift-Dir - straight line, f/p - ice beast
Aim: an ice beast (almost dead, berserk, unusually agile, 53% to hit)
The puff of flame hits the ice beast.
The ice beast melts!
You kill the ice beast!
You are too injured to fight recklessly!
You completely miss the orc. The orc hits you but does no damage.
You hit the orc but do no damage.
The orc suddenly seems more resistant.
The orc hits you with a +0 morningstar. 😮 HP[-1] MP[+1]
You take 1 damage, and now have 35/58 hp.
You closely miss the orc. Your bite misses the orc.
The orc hits you with a +0 morningstar. 😮 HP[-2]
You take 2 damage, and now have 33/58 hp.
You sock the orc! You freeze the orc.
You kill the orc!
Things that are here:
a +0 morningstar {mace}; a +0 leather armour; an orc corpse 😮 HP[+1] 😮 HP[+1] MP[+1] 😮 HP[+1]
There is a stone staircase leading up here. 😮 HP[+2] MP[+1]
You regained 2 hp, and now have 38/58 hp.
Your mp is fully restored (16).
You climb upwards.
There is a stone staircase leading down here. 😮 HP[+1] Done exploring. 😎 HP[+19]
Your hp is fully restored (58).
You climb downwards.
Level annotation: Menkaure
There is a stone staircase leading up here.
You see here a +0 trident {polearm}.
The ogre shouts!
Throw: 5 darts (poison) {throwing}
Press: ? - help, Shift-Dir - straight line, f - ogre
Aim: an ogre, wielding a +0 giant club (72% to hit)
You throw a poisoned dart {throwing}.
The poisoned dart {throwing} hits the ogre.
The ogre is poisoned.
An ice beast comes into view.
You see here a +0 trident {polearm}.
The ogre looks more healthy.
There is a stone staircase leading up here.
You climb upwards.
There is a stone staircase leading down here.
There is a stone staircase leading down here.
You climb downwards.
Level annotation: Menkaure
There is a stone staircase leading up here.
A malevolent force fills the Dungeon...
With a horrendous wail, an alarm goes off!
A sentinel's mark forms upon you.
You hear an angry growl.
You hear a shout! x3
An adder comes into view.
Menkaure gestures wildly while chanting.
Menkaure seems to speed up.
Menkaure hits you! 😮 HP[-17]
You take 17 damage, and now have 41/58 hp.
MASSIVE DAMAGE!! (PAUSE) Menkaure hits you. 😮 HP[-6]
You take 6 damage, and now have 35/58 hp.
The ogre attacks as it pursues you! The ogre closely misses you.
The adder closely misses you. 😮 HP[+1] Menkaure calls on the powers of darkness!
The adder convulses!
The ogre convulses!
Your body is wracked with pain!
* * * LOW HITPOINT WARNING * * *
The black bear convulses!
The ice beast convulses! 😨 HP[-15]
You take 15 damage, and now have 21/58 hp.
MASSIVE DAMAGE!! (PAUSE)
There is a stone staircase leading up here.
The adder bites you but does no damage. Menkaure hits you!
* * * LOW HITPOINT WARNING * * *
The adder closely misses you.
You climb upwards.
There is a stone staircase leading down here. 😱 HP[-13]
You take 13 damage, and now have 8/58 hp.
MASSIVE DAMAGE!! (PAUSE) It was a potion of enlightenment.
You feel very buoyant.
You fly up into the air.
Menkaure hits you.
* * * LOW HITPOINT WARNING * * *
The adder closely misses you. 😱 HP[-2]
You take 2 damage, and now have 6/58 hp.
Aiming: Mindburst
Press: ? - help, Shift-Dir - straight line, f - Menkaure
Aim: Menkaure (fast, chance to affect: 76%) Menkaure barely resists.
Menkaure hits you!
You die...

Skill      XL: |  1  2  3  4  5  6  7  8 |
---------------+-------------------------+-----
Transmutations | 2 3 |  3.3
Spellcasting   | 5 |  5.9
Invocations    | 1 2 3 |  3.4
Fighting       | 1 2 3 |  3.1
Short Blades   | 1 2 3 |  3.1
Long Blades    | 1 2 3 |  3.1
Axes           | 1 2 3 |  3.1
Maces & Flails | 1 2 3 |  3.1
Polearms       | 1 2 3 |  3.1
Staves         | 1 2 3 |  3.1
Ranged Weapons | 1 2 3 |  3.1
Throwing       | 1 2 3 |  3.1
Armour         | 1 2 3 |  3.1
Shields        | 1 2 3 |  3.1
Unarmed Combat | 1 2 3 |  3.1
Evocations     | 1 2 3 |  3.1
Shapeshifting  | 1 2 |  2.8
Conjurations   | 1 2 |  2.5
Hexes          | 1 2 |  2.5
Summonings     | 1 2 |  2.5
Necromancy     | 1 2 |  2.5
Translocations | 1 2 |  2.5
Fire Magic     | 1 2 |  2.5
Ice Magic      | 1 2 |  2.5
Air Magic      | 1 2 |  2.5
Poison Magic   | 1 2 |  2.5
Dodging        | 5 |  5.6
Stealth        | 5 |  5.2
Earth Magic    | 6 |  6.0

Action                     |  1- 3 |  4- 6 |  7- 9 || total
---------------------------+-------+-------+-------++-------
  Melee: Unarmed           |     5 |       |       ||     5
         Short sword       |     5 |     7 |       ||    12
         Bite              |     1 |     3 |     3 ||     7
         Mace              |       |     7 |       ||     7
         Dagger            |       |    12 |     9 ||    21
         Punch             |       |     1 |     1 ||     2
         Quarterstaff      |       |       |    21 ||    21
  Throw: Dart              |       |       |     3 ||     3
   Cast: Sandblast         |    49 |    50 |    23 ||   122
  Evoke: Wand              |       |       |    10 ||    10
    Use: Potion            |       |       |     1 ||     1
   Stab: Sleeping          |       |     3 |       ||     3
         Distracted        |       |     1 |       ||     1
 Armour: Robe              |     7 |       |       ||     7
         Leather armour    |       |    19 |    30 ||    49
  Dodge: Dodged            |     7 |    17 |    20 ||    44

Levels and vault maps discovered:
D:1:      heliophobic_arrival_glass_houses, layout_basic,
          basic_ecumenical_altar, palyth_stone_intersect, minmay_pentomino_q2
D:2:      layout_rooms
D:3:      layout_loops_corners, gammafunk_temple_overflow_forgotten,
          minmay_circle_x, uniq_natasha
D:4:      layout_loops_ring, saegor_snake_ambush, uniq_blork_the_orc,
          uniq_eustachio, uniq_crazy_yiuf_cottage
D:5:      layout_cave_pools, kennysheep_generic_room_13, uniq_duvessa,
          uniq_prince_ribbit1, uniq_menkaure

Notes
Turn   | Place    | Note
-------+----------+-------------------------------------------
     0 | D:1      | Aequonox the Gnoll Earth Elementalist began the quest for
                  | the Orb.
     0 | D:1      | Reached XP level 1. HP: 13/13 MP: 6/6
    61 | D:1      | Reached skill level 2 in Transmutations
   168 | D:1      | Reached XP level 2. HP: 19/19 MP: 4/7
   287 | D:1      | Found a faded altar of an unknown god.
   439 | D:1      | Reached XP level 3. HP: 25/25 MP: 6/9
   440 | D:1      | Reached skill level 5 in Spellcasting
  1086 | D:1      | magus.rc [v1.9.6]
  1359 | D:2      | Reached skill level 1 in Invocations
  1383 | D:2      | Reached skill level 1 in Fighting
  1383 | D:2      | Reached skill level 1 in Short Blades
  1383 | D:2      | Reached skill level 1 in Long Blades
  1383 | D:2      | Reached skill level 1 in Axes
  1383 | D:2      | Reached skill level 1 in Maces & Flails
  1383 | D:2      | Reached skill level 1 in Polearms
  1383 | D:2      | Reached skill level 1 in Staves
  1383 | D:2      | Reached skill level 1 in Ranged Weapons
  1383 | D:2      | Reached skill level 1 in Throwing
  1383 | D:2      | Reached skill level 1 in Armour
  1383 | D:2      | Reached skill level 1 in Shields
  1383 | D:2      | Reached skill level 1 in Unarmed Combat
  1383 | D:2      | Reached skill level 1 in Evocations
  1563 | D:2      | You pick up a book of Misfortune and begin reading...
  1563 | D:2      | You add the spells Inner Flame, Yara's Violent Unravelling
                  | and Enfeeble to your library.
  1732 | D:2      | Reached XP level 4. HP: 22/32 MP: 8/11
  1918 | D:3      | Noticed Natasha
  1967 | D:3      | Found a white marble altar of Elyvilon.
  1970 | D:3      | Found a shimmering blue altar of Sif Muna.
  1974 | D:3      | Found a sacrificial altar of Ru.
  2075 | D:3      | Reached skill level 1 in Shapeshifting
  2364 | D:3      | You pick up a book of Cantrips and begin reading...
  2364 | D:3      | You add the spells Necrotise, Summon Small Mammal and
                  | Apportation to your library.
  2488 | D:3      | Reached skill level 1 in Conjurations
  2488 | D:3      | Reached skill level 1 in Hexes
  2488 | D:3      | Reached skill level 1 in Summonings
  2488 | D:3      | Reached skill level 1 in Necromancy
  2488 | D:3      | Reached skill level 1 in Translocations
  2488 | D:3      | Reached skill level 1 in Fire Magic
  2488 | D:3      | Reached skill level 1 in Ice Magic
  2488 | D:3      | Reached skill level 1 in Air Magic
  2488 | D:3      | Reached skill level 1 in Poison Magic
  2604 | D:3      | You pick up a book of Changes and begin reading...
  2604 | D:3      | You add the spells Wereblood and Irradiate to your library.
  2680 | D:3      | Killed Natasha
  2681 | D:3      | Reached XP level 5. HP: 37/37 MP: 9/12
  2711 | D:3      | Identified the +0 robe of Hedge Wizardry {SInv}
  3082 | D:4      | Noticed Eustachio
  3507 | D:4      | Found a runed translucent door.
  3508 | D:4      | Noticed Crazy Yiuf
  3671 | D:4      | Reached skill level 2 in Invocations
  3936 | D:5      | Entered Level 5 of the Dungeon
  3937 | D:5      | Noticed Prince Ribbit
  4223 | D:5      | Noticed an ice beast
  4296 | D:5      | Reached XP level 6. HP: 42/44 MP: 8/13
  4297 | D:5      | Noticed Duvessa
  4586 | D:5      | Killed Prince Ribbit
  4587 | D:5      | Reached skill level 2 in Fighting
  4587 | D:5      | Reached skill level 2 in Short Blades
  4587 | D:5      | Reached skill level 2 in Long Blades
  4587 | D:5      | Reached skill level 2 in Axes
  4587 | D:5      | Reached skill level 2 in Maces & Flails
  4587 | D:5      | Reached skill level 2 in Polearms
  4587 | D:5      | Reached skill level 2 in Staves
  4587 | D:5      | Reached skill level 2 in Ranged Weapons
  4587 | D:5      | Reached skill level 2 in Throwing
  4587 | D:5      | Reached skill level 2 in Armour
  4587 | D:5      | Reached skill level 5 in Dodging
  4587 | D:5      | Reached skill level 2 in Shields
  4587 | D:5      | Reached skill level 2 in Unarmed Combat
  4587 | D:5      | Reached skill level 2 in Evocations
  4587 | D:5      | Reached skill level 2 in Shapeshifting
  4605 | D:5      | Reached XP level 7. HP: 50/50 MP: 12/15
  4623 | D:5      | Killed Duvessa
  4624 | D:5      | Reached skill level 2 in Conjurations
  4624 | D:5      | Reached skill level 2 in Hexes
  4624 | D:5      | Reached skill level 2 in Summonings
  4624 | D:5      | Reached skill level 2 in Necromancy
  4624 | D:5      | Reached skill level 2 in Translocations
  4624 | D:5      | Reached skill level 2 in Fire Magic
  4624 | D:5      | Reached skill level 2 in Ice Magic
  4624 | D:5      | Reached skill level 2 in Air Magic
  4624 | D:5      | Reached skill level 2 in Poison Magic
  4629 | D:5      | Noticed Dowan
  4633 | D:5      | Killed Dowan
  4634 | D:5      | Reached skill level 3 in Transmutations
  4797 | D:4      | Killed Eustachio
  4798 | D:4      | Reached skill level 5 in Stealth
  4798 | D:4      | Reached skill level 3 in Invocations
  4798 | D:4      | Noticed Blork the orc
  4803 | D:4      | Killed Blork the orc
  4926 | D:4      | Killed Crazy Yiuf
  4927 | D:4      | Reached skill level 6 in Earth Magic
  5015 | D:5      | Noticed Menkaure
  5040 | D:5      | Reached XP level 8. HP: 50/57 MP: 14/16
  5279 | D:5      | Reached skill level 3 in Fighting
  5279 | D:5      | Reached skill level 3 in Short Blades
  5279 | D:5      | Reached skill level 3 in Long Blades
  5279 | D:5      | Reached skill level 3 in Axes
  5279 | D:5      | Reached skill level 3 in Maces & Flails
  5279 | D:5      | Reached skill level 3 in Polearms
  5279 | D:5      | Reached skill level 3 in Staves
  5279 | D:5      | Reached skill level 3 in Ranged Weapons
  5279 | D:5      | Reached skill level 3 in Throwing
  5279 | D:5      | Reached skill level 3 in Armour
  5279 | D:5      | Reached skill level 3 in Shields
  5279 | D:5      | Reached skill level 3 in Unarmed Combat
  5279 | D:5      | Reached skill level 3 in Evocations
  5503 | D:5      | HP: 8/58 [Menkaure (14)]
  5506 | D:4      | Slain by Menkaure

Vanquished Creatures
  Prince Ribbit (D:5)
  Eustachio (D:4)
  Duvessa (D:5)
  An ice beast (D:5)
  Blork the orc (D:4)
  A scorpion (D:4)
  Dowan (D:5)
  A jelly (D:5)
  Crazy Yiuf (D:4)
  Natasha (D:3)
  2 iguanas (D:5)
  3 gnolls (D:5)
  6 adders
  A worm (D:2)
  2 dart slugs (D:1)
  6 orcs
  7 ball pythons
  6 bats
  7 endoplasms
  3 giant cockroaches
  7 goblins
  4 hobgoblins
  8 quokkas
  4 frilled lizards
  8 kobolds
  9 rats
93 creatures vanquished.

Table legend:
 A = Non-vault XP
 B = Vault XP
 C = Vault XP percentage of total XP
 D = Non-vault monster count
 E = Vault monster count
 F = Vault count percentage of total count
                 A         B        C        D         E       F
            +---------+---------+-------+---------+---------+-------
      Total |     559 |     894 |  61.5 |      79 |      14 |  15.1
            +---------+---------+-------+---------+---------+-------
        D:1 |      40 |       2 |   4.8 |      23 |       2 |   8.0
        D:2 |      40 |       0 |   0.0 |      17 |       0 |   0.0
        D:3 |      54 |      45 |  45.5 |      17 |       5 |  22.7
        D:4 |     131 |     329 |  71.5 |      14 |       3 |  17.6
        D:5 |     294 |     518 |  63.8 |       8 |       4 |  33.3
            +---------+---------+-------+---------+---------+-------

Skill      XL: |  1  2  3  4  5  6  7  8 |
---------------+-------------------------+-----
Transmutations | 2 3 |  3.3
Spellcasting   | 5 |  5.9
Invocations    | 1 2 3 |  3.4
Fighting       | 1 2 3 |  3.1
Short Blades   | 1 2 3 |  3.1
Long Blades    | 1 2 3 |  3.1
Axes           | 1 2 3 |  3.1
Maces & Flails | 1 2 3 |  3.1
Polearms       | 1 2 3 |  3.1
Staves         | 1 2 3 |  3.1
Ranged Weapons | 1 2 3 |  3.1
Throwing       | 1 2 3 |  3.1
Armour         | 1 2 3 |  3.1
Shields        | 1 2 3 |  3.1
Unarmed Combat | 1 2 3 |  3.1
Evocations     | 1 2 3 |  3.1
Shapeshifting  | 1 2 |  2.8
Conjurations   | 1 2 |  2.5
Hexes          | 1 2 |  2.5
Summonings     | 1 2 |  2.5
Necromancy     | 1 2 |  2.5
Translocations | 1 2 |  2.5
Fire Magic     | 1 2 |  2.5
Ice Magic      | 1 2 |  2.5
Air Magic      | 1 2 |  2.5
Poison Magic   | 1 2 |  2.5
Dodging        | 5 |  5.6
Stealth        | 5 |  5.2
Earth Magic    | 6 |  6.0

Action                     |  1- 3 |  4- 6 |  7- 9 || total
---------------------------+-------+-------+-------++-------
  Melee: Unarmed           |     5 |       |       ||     5
         Short sword       |     5 |     7 |       ||    12
         Bite              |     1 |     3 |     3 ||     7
         Mace              |       |     7 |       ||     7
         Dagger            |       |    12 |     9 ||    21
         Punch             |       |     1 |     1 ||     2
         Quarterstaff      |       |       |    21 ||    21
  Throw: Dart              |       |       |     3 ||     3
   Cast: Sandblast         |    49 |    50 |    23 ||   122
  Evoke: Wand              |       |       |    10 ||    10
    Use: Potion            |       |       |     1 ||     1
   Stab: Sleeping          |       |     3 |       ||     3
         Distracted        |       |     1 |       ||     1
 Armour: Robe              |     7 |       |       ||     7
         Leather armour    |       |    19 |    30 ||    49
  Dodge: Dodged            |     7 |    17 |    20 ||    44

Illustrated notes

Table legend:
 A = Kills in this place as a percentage of kills in the entire game.
 B = Kills by you in this place as a percentage of kills by you in the entire game.
 C = Kills by friends in this place as a percentage of kills by friends in the entire game.
 D = Other kills in this place as a percentage of other kills in the entire game.
 E = Experience gained in this place as a percentage of experience gained in the entire game.
 F = Experience gained in this place divided by the number of levels of this place that you have seen.
                   A       B       C       D       E      F
               +-------+-------+-------+-------+-------+----------------------
         Total | 100.0 | 100.0 |   N/A |   N/A | 100.0 | 290.6
       Dungeon | 100.0 | 100.0 |   N/A |   N/A | 100.0 | 290.6
               +-------+-------+-------+-------+-------+----------------------

Table legend: (Time is in decaauts)
 A = Elapsed time spent in this place.
 B = Non-inter-level travel time spent in this place.
 C = Inter-level travel time spent in this place.
 D = Time resting spent in this place.
 E = Time spent auto-exploring this place.
 F = Levels seen in this place.
 G = Mean time per level.
                   A        B        C        D        E       F      G
               +--------+--------+--------+--------+--------+-----+--------+
         Total |   5614 |   4699 |    915 |      0 |   3163 |   5 | 1122.8 |
       Dungeon |   5614 |   4699 |    915 |      0 |   3163 |   5 | 1122.8 |
               +--------+--------+--------+--------+--------+-----+--------+

Top non-repeatable levels by time:
     D:4: 2072 daAuts
     D:1: 1325 daAuts
     D:3: 1047 daAuts
     D:2: 729 daAuts
     D:5: 439 daAuts
